 Dungeon Crawl Stone Soup version 0.30.1-11-g7821555f0a (webtiles) character file.

Game seed: 17233492228906322549

14802 MiddleoftheRoad the Blocker (level 12, -19/97 HPs)
             Began as a Gnoll Fighter on Nov 13, 2023.
             Was the Champion of Jiyva.
             Demolished by a naga warrior
             ... wielding a +0 short sword
              (32 damage)
             ... on level 1 of the Snake Pit.
             The game lasted 00:39:30 (10228 turns).

MiddleoftheRoad the Blocker (Gnoll Fighter)        Turns: 10228, Time: 00:39:30

Health: -19/97     AC:  8    Str: 24    XL:     12   Next: 20%
Magic:  31/32      EV: 17    Int:  9    God:    Jiyva [******]
Gold:   449        SH: 15    Dex:  9    Spells: 13/25 levels left

rFire   + . .        I - +9 sword of Zonguldrok {reap}
rCold   x . .        c - +0 buckler
rNeg    . . .        n - +0 scale mail of Indemnity {Will++ Regen+ MP+9 Str-2}
rPois   .            (no helmet)
rElec   .            (no cloak)
rCorr   +            (no gloves)
SInv    .            (no boots)
Will    ++...        r - amulet of reflection
Stlth   ++           t - +5 ring of evasion
HPRegen 2.76/turn    y - ring of fire
MPRegen 0.73/turn

%: reflection
@: no status effects
A: fangs 1, strong nose, distributed training, talons 2, large bone plates 1,
strong 2, acidic bite, sturdy frame 1
a: Renounce Religion, Oozemancy, Slimify


You were on level 1 of the Snake Pit.
You worshipped Jiyva.
Jiyva was exalted by your worship.
You visited 3 branches of the dungeon, and saw 13 of its levels.

You collected 449 gold pieces.

Inventory:

Hand Weapons
 a - a +2 war axe
 A - a +1 battleaxe
 I - the +9 sword of Zonguldrok (weapon) {reap}
   (You found it on level 1 of the Lair of Beasts)
Missiles
 w - 3 boomerangs (quivered)
Armour
 c - a +0 buckler (worn)
 n - the +0 scale mail of Indemnity (worn) {Will++ Regen+ MP+9 Str-2}
   (You found it on level 3 of the Dungeon)

   Str:       It affects your strength (-2).
   MP:        It affects your magic capacity (+9).
   Regen:     It increases your rate of health regeneration.
   Will:      It greatly increases your willpower.
Jewellery
 r - an amulet of reflection (around neck)
 s - the amulet of the Four Winds {rN+ Will+++ Clar}
   (You found it on level 4 of the Dungeon)

   [amulet of nothing]

   rN:        It protects you from negative energy.
   Clar:      It protects you from confusion, rage, mesmerisation and fear.
   Will:      It greatly increases your willpower.
 t - a +5 ring of evasion (left hand)
 y - a ring of fire (right hand)
 z - an amulet of regeneration
 D - a ring of see invisible
 K - a ring of poison resistance
Wands
 d - a wand of flame (7)
 j - a wand of polymorph (1)
 q - a wand of paralysis (18)
 H - a wand of mindburst (3)
Scrolls
 e - a scroll of magic mapping
 k - 2 scrolls of fear
 p - a scroll of amnesia
 x - a scroll of summoning
 B - a scroll of noise {unknown}
 E - a scroll of poison
 G - a scroll of fog
 L - a scroll of teleportation
 M - a scroll of enchant armour {unknown}
Potions
 b - a potion of lignification
 f - a potion of invisibility {unknown}
 g - 7 potions of degeneration
 h - a potion of flight
 i - a potion of attraction
 l - a potion of magic {unknown}
 m - 2 potions of curing
 o - 2 potions of brilliance
 u - a potion of mutation {unknown}
 v - a potion of heal wounds
 C - 4 potions of might
 F - 2 potions of cancellation {unknown}
Miscellaneous
 J - a lightning rod (4/4)


   Skills:
 + Level 9.9 Fighting
 + Level 7.3 Short Blades
 + Level 7.3 Long Blades
 + Level 8.7 Axes
 + Level 7.3 Maces & Flails
 + Level 7.3 Polearms
 + Level 7.3 Staves
 + Level 7.3 Ranged Weapons
 + Level 7.3 Throwing
 + Level 9.9 Armour
 + Level 7.3 Dodging
 + Level 7.3 Stealth
 + Level 9.9 Shields
 + Level 7.3 Unarmed Combat
 + Level 7.3 Spellcasting
 + Level 6.1 Conjurations
 + Level 6.1 Hexes
 + Level 6.1 Summonings
 + Level 6.1 Necromancy
 + Level 6.1 Translocations
 + Level 6.1 Transmutations
 + Level 6.1 Fire Magic
 + Level 6.1 Ice Magic
 + Level 6.1 Air Magic
 + Level 6.1 Earth Magic
 + Level 6.1 Poison Magic
 + Level 8.0 Invocations
 + Level 7.3 Evocations


You had 13 spell levels left.
You knew the following spells:

 Your Spells              Type           Power      Damage    Failure   Level
a - Static Discharge      Conj/Air       28%        2-4/arc   4%          2
b - Ignite Poison         Fire/Tmut/Pois 21%        N/A       9%          3
c - Mephitic Cloud        Conj/Pois/Air  14%        N/A       9%          3
d - Summon Lightning Spi  Summ/Air       14%        N/A       28%         4

Your spell library contained the following spells:

 Spells                   Type           Power      Damage    Failure   Level
 Apportation              Tloc           28%        N/A       2%          1
 Poisonous Vapours        Pois/Air       28%        N/A       4%          2
 Dazzling Flash           Conj/Hex       28%        N/A       9%          3
 Airstrike                Air            7%         2d(1-17)  28%         4
 Sticky Flame             Conj/Fire      21%        2d4       28%         4
 Summon Ice Beast         Ice/Summ       14%        N/A       28%         4
 Agony                    Necr           14%        N/A       61%         5
 Alistair's Intoxication  Tmut/Pois      9%         N/A       61%         5
 Arcjolt                  Conj/Air       7%         1d17      61%         5
 Freezing Cloud           Conj/Ice/Air   7%         6-21      61%         5
 Silence                  Hex/Air        7%         N/A       61%         5
 Summon Mana Viper        Hex/Summ       14%        N/A       61%         5
 Eringya's Noxious Bog    Tmut/Pois      7%         N/A       99%         6
 Monstrous Menagerie      Summ           7%         N/A       100%        7
 Ignition                 Fire           10%        3d5       100%        8


Dungeon Overview and Level Annotations

Branches:
Dungeon (10/15)            Temple (0/1) D:6            Lair (2/5) D:8
  Swamp (0/4) Lair:2        Snake (1/4) Lair:2          Orc (0/2) D:10

Altars:
Ashenzari
Cheibriados
Elyvilon
Gozag
Hepliaklqana
Kikubaaqudgha
Makhleb
Sif Muna
Uskayaw
Vehumet
Xom
Zin
The Shining One
Jiyva

Annotations:
D:10 2 runed translucent doors, booth's ghost, journeyman TrGl


Innate Abilities, Weirdness & Mutations

You have very sharp teeth.
Your uncanny sense of smell can sniff out nearby items.
Your experience applies equally to all skills.
You have razor-sharp toenails.
You are partially covered in large bone plates. (SH +4)
Your muscles are very strong. (Str +8, Int/Dex -2)
You have acidic saliva.
Your movements are slightly less encumbered by armour. (ER -2)


Message History

Your rockslime hits the naga!!!
The naga holds its ground!
The naga dies!
Your black mamba zombie bites the naga warrior but does no damage.
Your quicksilver ooze closely misses the guardian serpent.
Your quicksilver ooze hits the guardian serpent but does no damage.
The naga warrior hits your black mamba zombie with a +0 short sword!
The naga warrior grabs your black mamba zombie.
The naga warrior constricts your black mamba zombie.
The guardian serpent coils itself and waves its upper body at you.
The naga warrior blinks!
The naga warrior loses its grip on your black mamba zombie.
The naga warrior blinks!
Your Invocations skill increases to level 8!
The naga warrior looks more healthy.
Your quicksilver ooze hits the naga warrior!
Your quicksilver ooze engulfs the naga warrior!
Your quicksilver ooze hits the naga warrior!
The guardian serpent closely misses you.
You block the naga warrior's attack.
Your black mamba zombie bites the naga warrior!
Your quicksilver ooze hits the naga warrior!
Your quicksilver ooze hits the naga warrior.
The guardian serpent hits you!
* * * LOW HITPOINT WARNING * * *
Your rockslime barely misses the naga warrior.
You see here a +0 hand axe.
The naga warrior is asphyxiated!
Your black mamba zombie bites the naga warrior!
Your quicksilver ooze hits the naga warrior.
Your quicksilver ooze hits the naga warrior!
The naga warrior spits poison at your quicksilver ooze.
The splash of poison misses your quicksilver ooze.
The guardian serpent coils itself and waves its upper body at you.
The naga warrior blinks! x2; Your rockslime hits the naga warrior!!
The naga warrior holds its ground!
The naga warrior dies!
Your quicksilver ooze hits the guardian serpent!
Your quicksilver ooze closely misses the guardian serpent.
The naga warrior hits you with a +0 short sword!!
You die...

..# #########..... #.#
##..........>.. #.#
##.............. #.#
#...######..)...
#.####...## ##......
#.........####.......
##...................
#.)N.##.............
..#####).@####............
#..>.ZJS## #...........
###.....# ............
#...§J# ...#........
#....8.# .####.......
#..###.... #........ #..#
##.... #..###... #.##
....# #..# ##.. . ....#
..# #...


You could see a naga warrior (strong, ally target), a guardian serpent (ally
target), a friendly rockslime (summoned), a friendly quicksilver ooze
(summoned), a friendly lightning spire (summoned) and a friendly black mamba
zombie.

Vanquished Creatures
  A hydra (Lair:2)
  A two-headed ogre (D:9)
  2 black mambas (Snake:1)
  An elephant (D:8)
  Maggie (D:6)
  5 cane toads
  2 kobold demonologists
  An unseen horror (D:10)
  2 trolls (D:10)
  Grinder (D:4)
  3 nameless horrors
  A hornet (D:9)
  2 wyverns
  9 yaks
  Menkaure (D:5)
  4 nagas
  5 water moccasins
  Duvessa (D:4)
  2 swamp drakes
  2 orc warriors
  2 black bears
  2 ogres
  An ice beast (D:6)
  5 wolves (Lair:1)
  A centaur (D:9)
  2 kobold brigands (D:9)
  6 bullfrogs
  5 scorpions
  Blork the orc (D:5)
  11 wights
  Dowan (D:4)
  10 killer bees (D:9)
  4 howler monkeys (D:9)
  A hound (D:5)
  3 orc priests
  A gnoll bouda (D:5)
  17 orc wizards
  A sleepcap (D:5)
  An iguana (Lair:2)
  Ijyb (D:3)
  10 gnolls
  7 adders
  3 shadow imps
  A white imp (D:6)
  3 worms
  2 dart slugs
  35 orcs
  4 giant cockroaches
  2 goblins
  3 hobgoblins
  3 jackals (D:4)
  2 quokkas
  7 ball pythons
  4 bats
  3 frilled lizards
  A goblin zombie (D:6)
  5 kobolds
  A kobold skeleton (D:6)
  2 rats (D:2)
  A butterfly (Lair:1)
222 creatures vanquished.

Vanquished Creatures (collateral kills)
  A death yak (Lair:2)
  A naga warrior (Snake:1)
  2 komodo dragons (Lair:1)
  2 yaks (Lair:2)
  2 nagas
  A water moccasin (Lair:2)
  A bullfrog (Lair:2)
10 creatures vanquished.

Vanquished Creatures (others)
  A guardian serpent (shapeshifter) (D:10)
  2 slime creatures
  A wraith (D:10)
  A naga (Snake:1)
  2 black bears
  An orc warrior (D:10)
  A centaur (D:10)
  2 kobold brigands (D:10)
  3 yak zombies (Lair:2)
  2 bullfrog zombies
  2 hounds (D:5)
  20 jellies
  An orc wizard (D:3)
  A naga zombie (Lair:2)
  A swamp drake zombie (Lair:2)
  An adder (D:4)
  2 gnolls (D:5)
  A white imp (D:6)
  A worm (D:5)
  A dart slug (D:4)
  8 orcs
  A ball python (D:2)
  An endoplasm (D:3)
  A hobgoblin (D:2)
  A quokka (D:2)
  A frilled lizard (D:3)
  A goblin zombie (D:6)
  3 hobgoblin zombies (D:6)
  An orc zombie (D:6)
  A butterfly (Lair:1)
66 creatures vanquished.

Grand Total: 298 creatures vanquished

Notes
Turn   | Place    | Note
-------+----------+-------------------------------------------
     0 | D:1      | MiddleoftheRoad the Gnoll Fighter began the quest for the
                  | Orb.
     0 | D:1      | Reached XP level 1. HP: 23/23 MP: 1/1
   328 | D:1      | Found a faded altar of an unknown god.
   356 | D:1      | Prayed at the altar of an unknown god.
   356 | D:1      | Became a worshipper of Jiyva Jofit the Shapeless
   356 | D:1      | Reached * piety under Jiyva
   912 | D:2      | Reached XP level 2. HP: 29/29 MP: 2/2
  1037 | D:2      | Reached ** piety under Jiyva
  1195 | D:2      | Reached XP level 3. HP: 30/35 MP: 2/4
  1251 | D:3      | Identified the +0 scale mail of Indemnity {Will++ Regen+
                  | MP+9 Str-2}
  1323 | D:3      | Reached skill level 1 in Invocations
  1338 | D:3      | Noticed Ijyb
  1350 | D:3      | Killed Ijyb
  1351 | D:3      | Reached skill level 1 in Short Blades
  1351 | D:3      | Reached skill level 1 in Long Blades
  1351 | D:3      | Reached skill level 1 in Maces & Flails
  1351 | D:3      | Reached skill level 1 in Polearms
  1351 | D:3      | Reached skill level 1 in Staves
  1351 | D:3      | Reached skill level 1 in Ranged Weapons
  1351 | D:3      | Reached skill level 1 in Throwing
  1351 | D:3      | Reached skill level 1 in Dodging
  1351 | D:3      | Reached skill level 1 in Stealth
  1351 | D:3      | Reached skill level 1 in Unarmed Combat
  1351 | D:3      | Reached skill level 1 in Spellcasting
  1351 | D:3      | Reached skill level 1 in Evocations
  1351 | D:3      | Reached XP level 4. HP: 41/41 MP: 5/5
  1397 | D:3      | Reached skill level 1 in Conjurations
  1397 | D:3      | Reached skill level 1 in Hexes
  1397 | D:3      | Reached skill level 1 in Summonings
  1397 | D:3      | Reached skill level 1 in Necromancy
  1397 | D:3      | Reached skill level 1 in Translocations
  1397 | D:3      | Reached skill level 1 in Transmutations
  1397 | D:3      | Reached skill level 1 in Fire Magic
  1397 | D:3      | Reached skill level 1 in Ice Magic
  1397 | D:3      | Reached skill level 1 in Air Magic
  1397 | D:3      | Reached skill level 1 in Earth Magic
  1397 | D:3      | Reached skill level 1 in Poison Magic
  1449 | D:3      | Learned a level 2 spell: Static Discharge
  1453 | D:3      | Learned a level 3 spell: Ignite Poison
  1460 | D:4      | Found the amulet of the Four Winds {rN+ Will+++ Clar}
  1515 | D:4      | Noticed Grinder
  1532 | D:4      | Killed Grinder
  1533 | D:4      | Reached skill level 5 in Axes
  1533 | D:4      | Reached XP level 5. HP: 47/47 MP: 8/8
  1533 | D:4      | Reached XP level 6. HP: 53/53 MP: 9/9
  1561 | D:4      | Reached *** piety under Jiyva
  1576 | D:4      | Found a broken altar of Ashenzari.
  1616 | D:4      | You fall into a shaft and drop 1 floor!
  1616 | D:5      | Entered Level 5 of the Dungeon
  1692 | D:5      | Noticed Blork the orc
  1714 | D:5      | Killed Blork the orc
  1718 | D:5      | Reached XP level 7. HP: 37/60 MP: 10/10
  1784 | D:5      | Noticed a wyvern
  1800 | D:5      | Killed a wyvern
  2017 | D:5      | Gained mutation: You are partially covered in large bone
                  | plates. (SH +4) [Jiyva's grace]
  2017 | D:5      | Gained mutation: You are mostly covered in large bone
                  | plates. (SH +6) [Jiyva's grace]
  2017 | D:5      | Gained mutation: You are completely covered in large bone
                  | plates. (SH +8) [Jiyva's grace]
  2017 | D:5      | Gained mutation: You possess an exceptional clarity of
                  | mind. [Jiyva's grace]
  2033 | D:5      | Reached XP level 8. HP: 66/67 MP: 12/12
  2109 | D:5      | Reached **** piety under Jiyva
  2208 | D:5      | Noticed Menkaure
  2225 | D:5      | Killed Menkaure
  2452 | D:4      | Found an ancient bone altar of Kikubaaqudgha.
  2509 | D:4      | Found a snail-covered altar of Cheibriados.
  2698 | D:4      | Noticed Dowan
  2698 | D:4      | Noticed Duvessa
  2705 | D:4      | Killed Dowan
  2706 | D:4      | Killed Duvessa
  2910 | D:4      | Found a shimmering altar of Xom.
  2910 | D:4      | Found a shimmering altar of Xom.
  2910 | D:4      | Found a shimmering altar of Xom.
  2911 | D:4      | Found a shimmering altar of Xom.
  2912 | D:4      | Found a shimmering altar of Xom.
  2913 | D:4      | Found a shimmering altar of Xom.
  3003 | D:4      | Reached ***** piety under Jiyva
  3310 | D:3      | Found a glowing silver altar of Zin.
  3607 | D:3      | Found a hide-covered altar of Uskayaw.
  3899 | D:2      | Gained mutation: You have large cloven feet. [Jiyva's
                  | grace]
  3899 | D:2      | Gained mutation: You have hoof-like feet. [Jiyva's grace]
  3899 | D:2      | Gained mutation: You have hooves in place of feet. [Jiyva's
                  | grace]
  3899 | D:2      | Gained mutation: Your rubbery body absorbs attacks. (AC +1,
                  | EV +1) [Jiyva's grace]
  4100 | D:5      | You fall into a shaft and drop 1 floor!
  4140 | D:6      | Found a staircase to the Ecumenical Temple.
  4258 | D:7      | You fall into a shaft and drop 1 floor!
  4396 | D:8      | Noticed Psyche
  4402 | D:8      | Slimified Psyche
  4402 | D:8      | Psyche changed into Psyche the jelly
  4402 | D:8      | Noticed Psyche
  4428 | D:8      | Noticed an elephant
  4435 | D:8      | Noticed a yak
  4441 | D:8      | Killed an elephant
  4442 | D:8      | Reached XP level 9. HP: 73/73 MP: 14/14
  4522 | D:9      | Noticed a two-headed ogre
  4525 | D:9      | Noticed a hornet
  4532 | D:9      | Killed a hornet
  4536 | D:9      | Killed a two-headed ogre
  4537 | D:9      | Reached skill level 5 in Invocations
  4622 | D:9      | Noticed a kobold demonologist
  4631 | D:9      | Killed a kobold demonologist
  4632 | D:9      | Reached skill level 5 in Short Blades
  4632 | D:9      | Reached skill level 5 in Long Blades
  4632 | D:9      | Reached skill level 5 in Maces & Flails
  4632 | D:9      | Reached skill level 5 in Polearms
  4632 | D:9      | Reached skill level 5 in Staves
  4632 | D:9      | Reached skill level 5 in Ranged Weapons
  4632 | D:9      | Reached skill level 5 in Throwing
  4632 | D:9      | Reached skill level 5 in Dodging
  4632 | D:9      | Reached skill level 5 in Stealth
  4632 | D:9      | Reached skill level 5 in Unarmed Combat
  4632 | D:9      | Reached skill level 5 in Spellcasting
  4632 | D:9      | Reached skill level 5 in Evocations
  4632 | D:9      | Reached XP level 10. HP: 81/81 MP: 17/17
  4681 | D:9      | Found a white marble altar of Elyvilon.
  4681 | D:9      | Found a radiant altar of Vehumet.
  4682 | D:9      | Found a burning altar of Makhleb.
  4881 | D:10     | Entered Level 10 of the Dungeon
  4888 | D:10     | Found a runed translucent door.
  4890 | D:10     | Noticed a deep troll earth mage
  4894 | D:10     | Noticed a skeletal warrior
  4895 | D:10     | Noticed booth's ghost (journeyman TrGl)
  4895 | D:10     | Noticed a necromancer
  4897 | D:10     | Noticed a lich
  4964 | D:10     | Killed a guardian serpent
  5048 | D:10     | Noticed a skeletal warrior
  5063 | D:10     | Killed an unseen horror
  5106 | D:10     | Found an opulent altar of Gozag.
  5225 | D:10     | Found a staircase to the Orcish Mines.
  5303 | D:10     | Identified the amulet "Caneyfe" {Faith Dex+2}
  5416 | D:10     | Noticed a kobold demonologist
  5419 | D:10     | Noticed a sun demon
  5423 | D:10     | Noticed a smoke demon
  5440 | D:10     | Noticed a sixfirhy
  5454 | D:10     | Killed a kobold demonologist
  5496 | D:10     | Found a runed translucent door.
  5734 | D:9      | Learned a level 3 spell: Mephitic Cloud
  5821 | D:9      | Lost mutation: You have hooves in place of feet. [Jiyva's
                  | grace]
  5821 | D:9      | Lost mutation: You are completely covered in large bone
                  | plates. (SH +8) [Jiyva's grace]
  5821 | D:9      | Lost mutation: Your rubbery body absorbs attacks. (AC +1,
                  | EV +1) [Jiyva's grace]
  5821 | D:9      | Gained mutation: Your movements are slightly less
                  | encumbered by armour. (ER -2) [Jiyva's grace]
  5821 | D:9      | Gained mutation: Your movements are less encumbered by
                  | armour. (ER -4) [Jiyva's grace]
  5821 | D:9      | Gained mutation: Your movements are significantly less
                  | encumbered by armour. (ER -6) [Jiyva's grace]
  5821 | D:9      | Gained mutation: You have acidic saliva. [Jiyva's grace]
  6174 | D:8      | Found a staircase to the Lair.
  6212 | D:8      | Noticed Prince Ribbit
  6230 | D:8      | Slimified Prince Ribbit
  6230 | D:8      | Prince Ribbit changed into Prince Ribbit the slime creature
  6230 | D:8      | Noticed Prince Ribbit
  6236 | D:8      | Killed Prince Ribbit the slime creature
  7477 | D:6      | Noticed Maggie
  7504 | D:6      | Killed Maggie
  7505 | D:6      | Reached skill level 5 in Conjurations
  7505 | D:6      | Reached skill level 5 in Hexes
  7505 | D:6      | Reached skill level 5 in Summonings
  7505 | D:6      | Reached skill level 5 in Necromancy
  7505 | D:6      | Reached skill level 5 in Translocations
  7505 | D:6      | Reached skill level 5 in Transmutations
  7505 | D:6      | Reached skill level 5 in Fire Magic
  7505 | D:6      | Reached skill level 5 in Ice Magic
  7505 | D:6      | Reached skill level 5 in Air Magic
  7505 | D:6      | Reached skill level 5 in Earth Magic
  7505 | D:6      | Reached skill level 5 in Poison Magic
  7505 | D:6      | Reached XP level 11. HP: 78/89 MP: 20/20
  7939 | D:6      | Found a shimmering blue altar of Sif Muna.
  8258 | D:6      | Found a glowing golden altar of the Shining One.
  8524 | D:8      | Killed Psyche the jelly
  8566 | Lair:1   | Entered Level 1 of the Lair of Beasts
  8595 | Lair:1   | Found a hazy altar of Hepliaklqana.
  8641 | Lair:1   | Learned a level 4 spell: Summon Lightning Spire
  8705 | Lair:1   | Found the +9 sword of Zonguldrok {reap}
  8904 | Lair:1   | Lost mutation: You are mostly covered in large bone plates.
                  | (SH +6) [Jiyva's grace]
  8904 | Lair:1   | Lost mutation: You possess an exceptional clarity of mind.
                  | [Jiyva's grace]
  8904 | Lair:1   | Lost mutation: Your movements are significantly less
                  | encumbered by armour. (ER -6) [Jiyva's grace]
  8904 | Lair:1   | Lost mutation: Your movements are less encumbered by
                  | armour. (ER -4) [Jiyva's grace]
  8904 | Lair:1   | Gained mutation: Your muscles are strong. (Str +4, Int/Dex
                  | -1) [Jiyva's grace]
  8904 | Lair:1   | Gained mutation: Your muscles are very strong. (Str +8,
                  | Int/Dex -2) [Jiyva's grace]
  8904 | Lair:1   | Lost mutation: You have hoof-like feet. [Jiyva's grace]
  8904 | Lair:1   | Lost mutation: You have large cloven feet. [Jiyva's grace]
  8904 | Lair:1   | Gained mutation: You have sharp toenails. [Jiyva's grace]
  8904 | Lair:1   | Gained mutation: You have razor-sharp toenails. [Jiyva's
                  | grace]
  9312 | Lair:1   | Reached ****** piety under Jiyva
  9653 | Lair:2   | Found a staircase to the Swamp.
  9806 | Lair:2   | Got the Papyrus of Impulse and Variation
  9841 | Lair:2   | Noticed a death yak
  9857 | Lair:2   | Killed a death yak
 10030 | Lair:2   | Found a staircase to the Snake Pit.
 10035 | Lair:2   | Noticed a six-headed hydra
 10051 | Lair:2   | Killed an eight-headed hydra
 10052 | Lair:2   | Reached XP level 12. HP: 63/97 MP: 22/22
 10066 | Snake:1  | Entered Level 1 of the Snake Pit
 10161 | Snake:1  | Identified the +7 falchion of Linearity {heavy, *Slow rElec
                  | rF+ Str+5}
 10215 | Snake:1  | Noticed a naga warrior
 10219 | Snake:1  | Noticed a naga warrior
 10227 | Snake:1  | Killed a naga warrior
 10228 | Snake:1  | Demolished by a naga warrior

Illustrated notes

Levels and vault maps discovered:
D:1:      dpeg_arrival_arbitrary_a, layout_basic,
          shapermc_ecumenical_altar_flowoftime
D:2:      layout_basic, grunt_decor_fettered, minivault_14
D:3:      layout_rooms, lemuel_crystal_altar, nicolae_overflow_hidden_temple,
          uniq_ijyb
D:4:      layout_layer_cave, cheibriados_altar_1,
          nicolae_kikubaaqudgha_miasma_corner, xom_redecorated,
          nicolae_ashenzari_panopticon, minmay_puff, uniq_duvessa, uniq_grinder
D:5:      layout_basic, minmay_between, uniq_menkaure, uniq_blork_the_orc
D:6:      layout_layer_cave, nicolae_tso_besieged_by_evil,
          kennysheep_orc_sif_temple, temple_green, moated_statue, uniq_maggie
D:7:      layout_layer_cave
D:8:      layout_basic, david_lair_generic, uniq_psyche, uniq_prince_ribbit1
D:9:      layout_irregular_city, chequers_temple_overflow_statue_of_worship
D:10:     layout_rooms, grunt_gozag_breadcrumbs, erik_orc_1,
          muffindrake_ghost_dual_entry, minmay_misc_feat_plants
Lair:1:   layout_regular_city, basic_altar, small_statue_intersection,
          chequers_serial_rivers_room_a, lemuel_fruit_fields
Lair:2:   layout_loops_ring, minmay_swamp_entry_reptiles,
          guppyfry_snake_entry_garden, st_stairs_11, grunt_forest_stairs_basic
Snake:1:  layout_layer_cave

Skill      XL: |  1  2  3  4  5  6  7  8  9 10 11 12 |
---------------+-------------------------------------+-----
Invocations    | 1 2 3 4 5 6 7 8 |  8.0
Short Blades   | 1 2 3 5 6 7 |  7.3
Long Blades    | 1 2 3 5 6 7 |  7.3
Maces & Flails | 1 2 3 5 6 7 |  7.3
Polearms       | 1 2 3 5 6 7 |  7.3
Staves         | 1 2 3 5 6 7 |  7.3
Ranged Weapons | 1 2 3 5 6 7 |  7.3
Throwing       | 1 2 3 5 6 7 |  7.3
Dodging        | 1 2 3 5 6 7 |  7.3
Stealth        | 1 2 3 5 6 7 |  7.3
Unarmed Combat | 1 2 3 5 6 7 |  7.3
Spellcasting   | 1 2 3 5 6 7 |  7.3
Evocations     | 1 2 3 5 6 7 |  7.3
Conjurations   | 1 2 3 4 5 6 |  6.1
Hexes          | 1 2 3 4 5 6 |  6.1
Summonings     | 1 2 3 4 5 6 |  6.1
Necromancy     | 1 2 3 4 5 6 |  6.1
Translocations | 1 2 3 4 5 6 |  6.1
Transmutations | 1 2 3 4 5 6 |  6.1
Fire Magic     | 1 2 3 4 5 6 |  6.1
Ice Magic      | 1 2 3 4 5 6 |  6.1
Air Magic      | 1 2 3 4 5 6 |  6.1
Earth Magic    | 1 2 3 4 5 6 |  6.1
Poison Magic   | 1 2 3 4 5 6 |  6.1
Axes           | 5 6 7 8 |  8.7
Fighting       | 7 8 9 |  9.9
Armour         | 7 8 9 |  9.9
Shields        | 7 8 9 |  9.9

Action                     |  1- 3 |  4- 6 |  7- 9 | 10-12 || total
---------------------------+-------+-------+-------+-------++-------
  Melee: War axe           |    85 |    63 |   163 |   344 ||   655
         Bite              |     9 |     7 |    23 |    48 ||    87
         Kick              |       |       |    17 |   122 ||   139
         Double sword      |       |       |       |   118 ||   118
  Throw: Boomerang         |       |       |    10 |    24 ||    34
   Cast: Static Discharge  |       |       |     8 |     6 ||    14
         Summon Lightning  |       |       |       |     3 ||     3
 Invoke: Slimify           |       |       |     1 |     1 ||     2
         Oozemancy         |       |       |     2 |     3 ||     5
  Evoke: Wand              |       |     1 |     8 |     5 ||    14
         Lightning rod     |       |       |       |     4 ||     4
    Use: Scroll            |     1 |       |     4 |    11 ||    16
         Potion            |       |     1 |     2 |     2 ||     5
   Stab: Paralysed         |       |       |     5 |       ||     5
         Sleeping          |       |       |       |     3 ||     3
         Distracted        |       |       |       |     2 ||     2
 Armour: Scale mail        |    34 |    17 |    47 |   135 ||   233
  Dodge: Dodged            |    29 |    46 |    94 |   283 ||   452
  Block: Buckler           |    19 |    44 |   185 |   531 ||   779
         Reflection        |       |     1 |     3 |     8 ||    12
